 Dungeon Crawl Stone Soup version 0.21.1-1-g345015fe64 (webtiles) character file.

65 Jesperson the Chopper (level 4, -1/41 HPs)
             Began as a Hill Orc Monk on July 15, 2018.
             Slain by Crazy Yiuf
             ... wielding a +4 quarterstaff of chaos
              (17 damage)
             ... on level 2 of the Dungeon.
             The game lasted 00:03:30 (1541 turns).

Jesperson the Chopper (Hill Orc Monk)               Turns: 1541, Time: 00:03:31

Health: -1/41      AC:  8    Str: 14    XL:     4   Next: 13%
Magic:  4/4        EV:  7    Int: 12    God:
Gold:   94         SH:  0    Dex: 13    Spells: 3/3 levels left

rFire    . . .     SeeInvis .   a - +0 hand axe
rCold    . . .     Gourm    .   (no shield)
rNeg     . . .     Faith    .   j - +0 chain mail
rPois    +         Spirit   .   (no helmet)
rElec    .         Reflect  .   (no cloak)
rCorr    .         Harm     .   (no gloves)
MR       .....                  (no boots)
Stlth    ..........             (no amulet)
HPRegen  0.13/turn              (no ring)
MPRegen  0.09/turn              (no ring)

@: no status effects
A: hooves 1, clever 1, poison resistance
a: no special abilities


You were on level 2 of the Dungeon.
You were not hungry.

You visited 1 branch of the dungeon, and saw 2 of its levels.

You collected 94 gold pieces.

Inventory:

Hand Weapons
 a - a +0 hand axe (weapon)
 q - a +0 hand axe
Armour
 j - a +0 chain mail (worn)
Jewellery
 m - a cursed -2 ring of dexterity {unknown}
Scrolls
 e - 6 scrolls of identify {unknown}
 g - 5 scrolls of remove curse {unknown}
 i - a scroll of enchant weapon {unknown}
 n - a scroll of magic mapping {unknown}
 o - a scroll of teleportation {unknown}
Potions
 d - a potion of heal wounds {unknown}
 h - 2 potions of brilliance {unknown}
 k - 6 potions of curing {unknown}
 l - a potion of magic {unknown}
 p - 2 potions of lignification {unknown}
 r - a potion of berserk rage {unknown}
 s - 2 potions of flight {unknown}
 t - a potion of agility {unknown}
Comestibles
 c - 4 rations
 f - 4 chunks of flesh


   Skills:
 * Level 4.6 Fighting
 + Level 5.0 Axes
 * Level 1.8 Armour
 - Level 2.4 Dodging
 - Level 1.5 Stealth


You had 3 spell levels left.
You didn't know any spells.

Dungeon Overview and Level Annotations

Branches:
Dungeon (2/15)

Altars:
Sif Muna
Vehumet

Annotations:
D:2 Crazy Yiuf


Innate Abilities, Weirdness & Mutations

You have large cloven feet.
Your mind is acute. (Int +2)
Your system is resistant to poisons. (rPois)


Message History

You closely miss Crazy Yiuf.
Crazy Yiuf laughs, "Powder bag eyeball!"
Crazy Yiuf barely misses you.
You hit Crazy Yiuf.
Crazy Yiuf is lightly wounded.
Crazy Yiuf cries, "Paint!"
Crazy Yiuf hits you with a quarterstaff of chaos!
Crazy Yiuf freezes you.
You hit Crazy Yiuf.
Crazy Yiuf is moderately wounded.
Crazy Yiuf hits you but does no damage.
You hit Crazy Yiuf but do no damage.
Crazy Yiuf is lightly wounded.
Crazy Yiuf hits you with a quarterstaff of chaos.
Crazy Yiuf burns you.
It was a potion of mutation.
You feel extremely strange.
Your feet thicken and deform.
You feel resistant to poisons.
You feel clever.
Crazy Yiuf hits you with a quarterstaff of chaos!
You are electrocuted!
You die...

#....###.# #....# #.#
♣P.P.♣ #.# ♣♣...♣ #.#
♣♣.♣♣ #.# ♣♣.♣ #.#
♣.♣♣ #.# ♣♣.♣ #.#
♣@♣♣ #.########## #g#
#........... #...#
#####....... #...#
#...#... #)..#
#..###.# #####
#...#... ###
####....._. ..#
######## #......#...
..#
#.....)####.....###.#


You could see Crazy Yiuf.

Vanquished Creatures
  2 adders (D:2)
  2 worms (D:2)
  4 orcs (D:2)
  2 bats (D:1)
  A giant cockroach (D:1)
  6 goblins
  6 hobgoblins
  2 quokkas (D:2)
  A ball python (D:2)
  A frilled lizard (D:1)
  4 kobolds
  2 rats
33 creatures vanquished.

Notes
Turn   | Place    | Note
-------+----------+-------------------------------------------
     0 | D:1      | Jesperson the Hill Orc Monk began the quest for the Orb.
     0 | D:1      | Reached XP level 1. HP: 19/19 MP: 1/1
   200 | D:1      | Reached XP level 2. HP: 27/27 MP: 2/2
   652 | D:2      | Reached skill level 1 in Armour
   661 | D:2      | Reached XP level 3. HP: 33/34 MP: 3/3
   697 | D:2      | Found a radiant altar of Vehumet.
   959 | D:2      | Reached XP level 4. HP: 19/41 MP: 4/4
  1319 | D:2      | Reached skill level 5 in Axes
  1456 | D:2      | Found a deep blue altar of Sif Muna.
  1529 | D:2      | Found a runed door.
  1533 | D:2      | Noticed Crazy Yiuf
  1541 | D:2      | Gained mutation: You have large cloven feet. [potion of mutation]
  1541 | D:2      | Gained mutation: Your system is resistant to poisons. (rPois) [potion of mutation]
  1541 | D:2      | Gained mutation: Your mind is acute. (Int +2) [potion of mutation]
  1541 | D:2      | Slain by Crazy Yiuf

Skill      XL: |  1  2  3  4 |
---------------+-------------+-----
Fighting       | 4 |  4.6
Armour         | 1 |  1.8
Axes           | 5 |  5.0
Dodging        | |  2.4
Stealth        | |  1.5

Action                   |  1- 3 |  4- 6 || total
-------------------------+-------+-------++-------
Melee: Hand axe          |   120 |    31 ||   151
  Use: Potion            |       |     1 ||     1
 Stab: Sleeping          |     1 |       ||     1
  Eat: Chunk             |       |     2 ||     2
Armor: Robe              |     6 |       ||     6
       Chain mail        |    58 |    11 ||    69
Dodge: Dodged            |    41 |     7 ||    48
